 Dungeon Crawl Stone Soup version 0.22-a0-274-gf8199ec (webtiles) character file.

543 tidbits the Chiller (level 7, -10/51 HPs)
             Began as a Gnoll Ice Elementalist on Mar 14, 2018.
             Shot with an arrow by a centaur (12 damage)
             ... on level 5 of the Dungeon.
             The game lasted 00:09:28 (980 turns).

tidbits the Chiller (Gnoll Ice Elementalist)         Turns: 980, Time: 00:09:28

Health: -10/51     AC:  0    Str: 15    XL:     7   Next: 27%
Magic:  16/24      EV: 15    Int: 20    God:
Gold:   146        SH:  0    Dex: 15    Spells: 11/17 levels left

rFire    . . .     SeeInvis .   a - +0 long sword
rCold    . . .     Gourm    +   (no shield)
rNeg     . . .     Faith    .   B - +1 robe
rPois    .         Spirit   .   (no helmet)
rElec    .         Reflect  .   (no cloak)
rCorr    .         Harm     .   (no gloves)
MR       .....                  (no boots)
Stlth    +++.......             k - amulet of the gourmand
HPRegen  0.17/turn              d - ring of magical power
MPRegen  0.19/turn              (no ring)

@: mighty, corroded, hasted, very quick
A: distributed training, fangs 1, wild magic 2, strong nose
a: no special abilities


You were on level 5 of the Dungeon.
You were not hungry.

You visited 1 branch of the dungeon, and saw 6 of its levels.

You collected 146 gold pieces.

Inventory:

Hand Weapons
 a - a +0 long sword (weapon)
 b - a +0 dagger
 g - a +0 falchion
 i - a +0 hunting sling
 l - a +6 flail of distortion
   (You took it off Edmund on level 4 of the Dungeon)
 n - a +0 shortbow
Missiles
 f - 53 arrows
 j - 31 stones (quivered)
Armour
 q - a +2 scale mail of fire resistance
   (You took it off Edmund on level 4 of the Dungeon)
 B - a +1 robe (worn)
Jewellery
 d - a ring of magical power (left hand)
   (You found it on level 1 of the Dungeon)
 k - an amulet of the gourmand (around neck)
   (You found it on level 3 of the Dungeon)
Wands
 r - a wand of random effects (31)
Scrolls
 o - a scroll of blinking
 p - a scroll of teleportation
Potions
 h - a potion of brilliance
 m - 2 potions of might
Comestibles
 c - 5 rations


   Skills:
 + Level 2.3 Fighting
 + Level 2.3 Short Blades
 + Level 2.3 Long Blades
 + Level 2.3 Axes
 + Level 2.3 Maces & Flails
 + Level 2.3 Polearms
 + Level 2.3 Staves
 + Level 2.3 Slings
 + Level 2.3 Bows
 + Level 2.3 Crossbows
 + Level 2.3 Throwing
 + Level 2.3 Armour
 + Level 5.1 Dodging
 + Level 4.8 Stealth
 + Level 2.3 Shields
 + Level 2.3 Unarmed Combat
 + Level 5.5 Spellcasting
 + Level 2.9 Conjurations
 + Level 1.9 Hexes
 + Level 1.9 Charms
 + Level 1.9 Summonings
 + Level 1.9 Necromancy
 + Level 1.9 Translocations
 + Level 1.9 Transmutations
 + Level 1.9 Fire Magic
 + Level 5.8 Ice Magic
 + Level 1.9 Air Magic
 + Level 1.9 Earth Magic
 + Level 1.9 Poison Magic
 + Level 2.5 Invocations
 + Level 2.3 Evocations


You had 11 spell levels left.
You knew the following spells:

 Your Spells              Type           Power        Failure   Level  Hunger
a - Freeze                Ice            ####         4%          1    None
j - Throw Frost           Conj/Ice       #####.       8%          2    None
o - Ozocubu's Armour      Chrm/Ice       ####....     16%         3    ##.....


Dungeon Overview and Level Annotations

Branches:
Dungeon (6/15)
 Temple: D:4-7

Altars:
Fedhas

Annotations:
D:5 PeterLawrence's ghost, novice MiFi


Innate Abilities, Weirdness & Mutations

Your experience applies equally to all skills.
You have very sharp teeth.
Your uncanny sense of smell can sniff out nearby items.
Your spells are harder to cast, but more powerful.


Message History

Aiming: Freeze (safe; 4% risk of failure)
Press: ? - help, Shift-Dir - straight line, f/p - Edmund
Aim: Edmund, wielding a flail of distortion and wearing a runed scale mail (heavily wounded)
You freeze Edmund.
Edmund is severely wounded.
Edmund misses you.
Casting: Freeze (safe; 4% risk of failure)
Confirm with . or Enter, or press ? or * to list all spells.
Aiming: Freeze (safe; 4% risk of failure)
Press: ? - help, Shift-Dir - straight line, f/p - Edmund
Aim: Edmund, wielding a flail of distortion and wearing a runed scale mail (severely wounded)
You freeze Edmund.
Edmund is almost dead.
Edmund hits you but does no damage.
You blink.
Casting: Freeze (safe; 4% risk of failure)
Confirm with . or Enter, or press ? or * to list all spells.
Aiming: Throw Frost (safe; 9% risk of failure)
Press: ? - help, Shift-Dir - straight line, f/p - Edmund
Aim: Edmund, wielding a flail of distortion and wearing a runed scale mail (almost dead)
The puff of frost hits Edmund.
Edmund is almost dead.
Casting: Throw Frost (safe; 9% risk of failure)
Confirm with . or Enter, or press ? or * to list all spells.
Aiming: Throw Frost (safe; 9% risk of failure)
Press: ? - help, Shift-Dir - straight line, f/p - Edmund
Aim: Edmund, wielding a flail of distortion and wearing a runed scale mail (almost dead)
The puff of frost hits Edmund.
You kill Edmund!
You have reached level 7!
You are feeling hungry.
Things that are here:
a flail of distortion; a runed scale mail; a wand of random effects (31)
l - a flail of distortion;
q - a runed scale mail
r - a wand of random effects (31) Really walk into a travel-excluded area?
You see here a scroll of identify.
As you read the scroll of identify, it crumbles to dust.
h - a potion of brilliance
Press: ? - help, v - describe, . - travel The floor.
Reduced exclusion size to a single square.
Removed exclusion.
You see here a ration.
You eat the ration.
That ration really hit the spot!
Your icy armour starts to melt.
There is a stone staircase leading down here.
Your icy armour evaporates.
You climb downwards.
Level annotation: PeterLawrence's ghost, novice MiFi
There is a stone staircase leading up here.
Unknown command.
Unknown command.
A jelly comes into view.
Casting: Throw Frost (safe; 8% risk of failure)
Confirm with . or Enter, or press ? or * to list all spells.
Aiming: Throw Frost (safe; 8% risk of failure)
Press: ? - help, Shift-Dir - straight line, f - jelly
Aim: a jelly (resting)
The puff of frost hits the jelly.
The jelly is moderately wounded.
The jelly quivers.
The centaur shouts!
The centaur wields a shortbow.
The centaur shoots an arrow.
The arrow hits you!
Casting: Throw Frost (safe; 8% risk of failure)
Confirm with . or Enter, or press ? or * to list all spells.
Aiming: Freeze (safe; 4% risk of failure)
Press: ? - help, Shift-Dir - straight line, f/p - jelly
Aim: a jelly (moderately wounded)
You freeze the jelly.
The jelly is heavily wounded.
The jelly closely misses you.
Casting: Freeze (safe; 4% risk of failure)
Confirm with . or Enter, or press ? or * to list all spells.
Aiming: Freeze (safe; 4% risk of failure)
Press: ? - help, Shift-Dir - straight line, f/p - jelly
Aim: a jelly (heavily wounded)
You freeze the jelly.
The jelly is severely wounded.
The jelly hits you. The acid corrodes you!
You are splashed with acid!
The acid burns!
* * * LOW HITPOINT WARNING * * *
Casting: Freeze (safe; 4% risk of failure)
Confirm with . or Enter, or press ? or * to list all spells.
Aiming: Freeze (safe; 4% risk of failure)
Press: ? - help, Shift-Dir - straight line, f/p - jelly
Aim: a jelly (severely wounded)
You freeze the jelly.
You kill the jelly!
The centaur shoots an arrow.
The arrow hits you.
* * * LOW HITPOINT WARNING * * *
The centaur shoots an arrow.
The arrow hits you!
* * * LOW HITPOINT WARNING * * *
It was a potion of might.
You feel very mighty all of a sudden.
The centaur shoots an arrow.
The arrow hits you!
* * * LOW HITPOINT WARNING * * *
It was a potion of haste.
You feel yourself speed up.
The centaur shoots an arrow.
The arrow barely misses you.
The centaur shoots an arrow.
The arrow hits you!
You die...

W......#.......
.......#.......
.......#..##..#
.......#.######
# ....####.#
.#.. #...# #..
...(.######...
##.
.......(#..# #
...####.@.c#
###..# #...#
#...# #.....
.......
.........
#####..... .
..... #.


You could see a centaur.

Vanquished Creatures
  Edmund (D:4)
  A centaur (D:4)
  A scorpion (D:4)
  3 killer bees (D:6)
  A crimson imp (D:6)
  A jelly (D:5)
  A worker ant (D:4)
  A killer bee zombie (D:6)
  2 adders
  A worm (D:3)
  2 leopard geckos
  3 goblins
  2 hobgoblins (D:1)
  13 jackals
  2 ball pythons (D:4)
  4 bats
  2 frilled lizards
  A leopard gecko skeleton (D:4)
  A quokka skeleton (D:4)
  2 rats
45 creatures vanquished.

Notes
Turn   | Place    | Note
-------+----------+-------------------------------------------
     0 | D:1      | tidbits the Gnoll Ice Elementalist began the quest for the Orb.
     0 | D:1      | Reached XP level 1. HP: 13/13 MP: 6/6
   129 | D:1      | Reached skill level 2 in Conjurations
   150 | D:2      | Reached XP level 2. HP: 19/19 MP: 7/7
   154 | D:2      | Learned a level 2 spell: Throw Frost
   241 | D:3      | Reached XP level 3. HP: 14/25 MP: 9/9
   246 | D:3      | Learned a level 3 spell: Ozocubu's Armour
   256 | D:3      | Reached skill level 5 in Spellcasting
   281 | D:4      | Noticed a centaur
   286 | D:4      | Killed a centaur
   286 | D:4      | Reached skill level 1 in Fighting
   286 | D:4      | Reached skill level 1 in Short Blades
   286 | D:4      | Reached skill level 1 in Long Blades
   286 | D:4      | Reached skill level 1 in Axes
   286 | D:4      | Reached skill level 1 in Maces & Flails
   286 | D:4      | Reached skill level 1 in Polearms
   286 | D:4      | Reached skill level 1 in Staves
   286 | D:4      | Reached skill level 1 in Slings
   286 | D:4      | Reached skill level 1 in Bows
   286 | D:4      | Reached skill level 1 in Crossbows
   286 | D:4      | Reached skill level 1 in Throwing
   286 | D:4      | Reached skill level 1 in Armour
   286 | D:4      | Reached skill level 1 in Shields
   286 | D:4      | Reached skill level 1 in Unarmed Combat
   286 | D:4      | Reached skill level 1 in Hexes
   286 | D:4      | Reached skill level 1 in Charms
   286 | D:4      | Reached skill level 1 in Summonings
   286 | D:4      | Reached skill level 1 in Necromancy
   286 | D:4      | Reached skill level 1 in Translocations
   286 | D:4      | Reached skill level 1 in Transmutations
   286 | D:4      | Reached skill level 1 in Fire Magic
   286 | D:4      | Reached skill level 1 in Air Magic
   286 | D:4      | Reached skill level 1 in Earth Magic
   286 | D:4      | Reached skill level 1 in Poison Magic
   286 | D:4      | Reached skill level 1 in Invocations
   286 | D:4      | Reached skill level 1 in Evocations
   286 | D:4      | Reached XP level 4. HP: 13/32 MP: 11/11
   302 | D:4      | Reached XP level 5. HP: 16/37 MP: 12/12
   322 | D:4      | Found a blossoming altar of Fedhas.
   335 | D:4      | Noticed Edmund
   359 | D:5      | Entered Level 5 of the Dungeon
   549 | D:6      | Reached skill level 2 in Invocations
   549 | D:6      | Reached XP level 6. HP: 34/44 MP: 13/13
   563 | D:6      | Reached skill level 2 in Fighting
   563 | D:6      | Reached skill level 2 in Short Blades
   563 | D:6      | Reached skill level 2 in Long Blades
   563 | D:6      | Reached skill level 2 in Axes
   563 | D:6      | Reached skill level 2 in Maces & Flails
   563 | D:6      | Reached skill level 2 in Polearms
   563 | D:6      | Reached skill level 2 in Staves
   563 | D:6      | Reached skill level 2 in Slings
   563 | D:6      | Reached skill level 2 in Bows
   563 | D:6      | Reached skill level 2 in Crossbows
   563 | D:6      | Reached skill level 2 in Throwing
   563 | D:6      | Reached skill level 2 in Armour
   563 | D:6      | Reached skill level 5 in Dodging
   563 | D:6      | Reached skill level 2 in Shields
   563 | D:6      | Reached skill level 2 in Unarmed Combat
   563 | D:6      | Reached skill level 2 in Evocations
   628 | D:5      | Noticed PeterLawrence's ghost (novice MiFi)
   862 | D:3      | Gained mutation: Your spells are a little harder to cast, but a little more powerful. [potion of mutation]
   862 | D:3      | Gained mutation: Your spells are harder to cast, but more powerful. [potion of mutation]
   939 | D:4      | Killed Edmund
   939 | D:4      | Reached XP level 7. HP: 32/50 MP: 12/15
   978 | D:5      | HP: 2/51 [centaur/arrow (8)]
   980 | D:5      | Shot with an arrow by a centaur

Vault maps used:
D:1:      lemuel_arrival_funnel, moated_statue
D:2:      minitemple, uniq_sigmund, uniq_crazy_yiuf_cottage
D:4:      fedhas_altar_2, uniq_edmund
D:5:      grunt_temple_overflow_growth_and_decay, first_ration
D:6:      grunt_temple_overflow_open, uniq_blork_the_orc, uniq_menkaure,
          uniq_grinder

Skill      XL: |  1  2  3  4  5  6 |
---------------+-------------------+-----
Conjurations   | 2 |  2.9
Spellcasting   | 5 |  5.5
Fighting       | 1 2 |  2.3
Short Blades   | 1 2 |  2.3
Long Blades    | 1 2 |  2.3
Axes           | 1 2 |  2.3
Maces & Flails | 1 2 |  2.3
Polearms       | 1 2 |  2.3
Staves         | 1 2 |  2.3
Slings         | 1 2 |  2.3
Bows           | 1 2 |  2.3
Crossbows      | 1 2 |  2.3
Throwing       | 1 2 |  2.3
Armour         | 1 2 |  2.3
Shields        | 1 2 |  2.3
Unarmed Combat | 1 2 |  2.3
Hexes          | 1 |  1.9
Charms         | 1 |  1.9
Summonings     | 1 |  1.9
Necromancy     | 1 |  1.9
Translocations | 1 |  1.9
Transmutations | 1 |  1.9
Fire Magic     | 1 |  1.9
Air Magic      | 1 |  1.9
Earth Magic    | 1 |  1.9
Poison Magic   | 1 |  1.9
Invocations    | 1 2 |  2.5
Evocations     | 1 2 |  2.3
Dodging        | 5 |  5.1
Stealth        | |  4.8
Ice Magic      | |  5.8

Action                   |  1- 3 |  4- 6 |  7- 9 || total
-------------------------+-------+-------+-------++-------
Melee: Dagger            |     3 |     2 |       ||     5
       Falchion          |       |    34 |       ||    34
       Bite              |       |     6 |       ||     6
 Cast: Freeze            |    14 |    40 |     3 ||    57
       Throw Frost       |     4 |     8 |     2 ||    14
       Ozocubu's Armour  |       |     5 |       ||     5
  Use: Scroll            |       |     7 |     1 ||     8
       Potion            |       |     1 |     2 ||     3
 Stab: Sleeping          |     2 |     3 |       ||     5
  Eat: Ration            |       |       |     1 ||     1
Armor: Robe              |     2 |    19 |       ||    21
Dodge: Dodged            |     7 |    73 |     2 ||    82
       Rpst.: Falchion   |       |    17 |       ||    17

Table legend:
 A = Spawn XP
 B = Non-spawn XP
 C = Spawn XP percentage of total XP
 D = Spawn monster count
 E = Non-spawn monster count
 F = Spawn count percentage of total count
 G = Total turns spent on level
                    A         B        C        D         E        F      G
               +---------+---------+-------+---------+---------+-------+---------
         Total |       0 |     776 |   0.0 |       0 |      45 |   0.0 |   980
               +---------+---------+-------+---------+---------+-------+---------
           D:1 |       0 |       9 |   0.0 |       0 |       6 |   0.0 |   146
           D:2 |       0 |       4 |   0.0 |       0 |       3 |   0.0 |    42
           D:3 |       0 |      28 |   0.0 |       0 |       7 |   0.0 |   127
           D:4 |       0 |     392 |   0.0 |       0 |      12 |   0.0 |   342
           D:5 |       0 |      57 |   0.0 |       0 |       8 |   0.0 |   219
           D:6 |       0 |     286 |   0.0 |       0 |       9 |   0.0 |   104
               +---------+---------+-------+---------+---------+-------+---------

Table legend:
 A = Turns spent in this place as a percentage of turns spent in the entire game.
 B = Non-inter-level travel turns spent in this place as a percentage of non-inter-level travel turns spent in the entire game.
 C = Inter-level travel turns spent in this place as a percentage of turns spent in this place.
 D = Turns resting spent in this place as a percentage of non-inter-level travel turns spent in this place.
 E = Turns spent auto-exploring this place as a percentage of non-inter-level travel turns spent in this place.
 F = Non-inter-level travel turns spent in this place divided by the number of levels of this place that you've seen.
                   A       B       C       D       E      F
               +-------+-------+-------+-------+-------+----------------------
         Total | 100.0 | 100.0 |   0.0 |   0.0 |   0.0 | 163.3
       Dungeon | 100.0 | 100.0 |   0.0 |   0.0 |   0.0 | 163.3
               +-------+-------+-------+-------+-------+----------------------

Table legend:
 A = Kills in this place as a percentage of kills in entire the game.
 B = Kills by you in this place as a percentage of kills by you in the entire game.
 C = Kills by friends in this place as a percentage of kills by friends in the entire game.
 D = Other kills in this place as a percentage of other kills in the entire game.
 E = Experience gained in this place as a percentage of experience gained in the entire game.
 F = Experience gained in this place divided by the number of levels of this place that you have seen.
                   A       B       C       D       E      F
               +-------+-------+-------+-------+-------+----------------------
         Total | 100.0 | 100.0 |   N/A |   N/A | 100.0 | 129.3
       Dungeon | 100.0 | 100.0 |   N/A |   N/A | 100.0 | 129.3
               +-------+-------+-------+-------+-------+----------------------

Vault maps used:
D:1:      lemuel_arrival_funnel, moated_statue
D:2:      minitemple, uniq_sigmund, uniq_crazy_yiuf_cottage
D:4:      fedhas_altar_2, uniq_edmund
D:5:      grunt_temple_overflow_growth_and_decay, first_ration
D:6:      grunt_temple_overflow_open, uniq_blork_the_orc, uniq_menkaure,
          uniq_grinder
